 Dungeon Crawl Stone Soup version 0.31-a0-161-gb58dd9be76 (webtiles) character file.

Game seed: 13522830407457560406

91 Moral the Chiller (level 4, -9/36 HPs)
             Began as a Naga Ice Elementalist on June 12, 2023.
             Mangled by an ogre
             ... wielding a +0 giant club
              (15 damage)
             ... on level 3 of the Dungeon.
             The game lasted 00:12:13 (2460 turns).

Moral the Chiller (Naga Ice Elementalist)           Turns: 2460, Time: 00:12:13

Health: -9/36      AC:  2    Str: 10    XL:     4   Next: 59%
Magic:  5/8        EV:  9    Int: 18    God:
Gold:   87         SH:  0    Dex: 11    Spells: 4/8 levels left

rFire   . . .        i - +1 dagger (speed)
rCold   . . .        (no shield)
rNeg    . . .        a - +0 robe
rPois   +            (no helmet)
rElec   .            (no cloak)
rCorr   .            (no gloves)
SInv    +            (no barding)
Will    .....        (no amulet)
Stlth   ++           (no ring)
HPRegen 0.26/turn    (no ring)
MPRegen 0.11/turn

%: no passive effects
@: about to teleport, freezing walls, very slow
A: AC +1, large, see invisible, deformed body, poison resistance, slowness 2,
spit poison 1, naga tail 1
a: Spit Poison


You were on level 3 of the Dungeon.
You visited 1 branch of the dungeon, and saw 3 of its levels.

You collected 87 gold pieces.

Inventory:

Hand Weapons
 i - a +1 dagger of speed (weapon)
Armour
 a - a +0 robe (worn)
Wands
 m - a wand of acid (9)
 p - a wand of digging (2)
Scrolls
 c - a scroll of poison
 g - a scroll of teleportation
 h - a scroll of torment {unknown}
 k - 3 scrolls of fog {unknown}
 o - a scroll of enchant weapon {unknown}
Potions
 b - a potion of magic
 d - 2 potions of mutation {unknown}
 f - a potion of lignification {unknown}
 j - 2 potions of enlightenment {unknown}
 l - 2 potions of curing {unknown}
 n - a potion of heal wounds {unknown}


   Skills:
 + Level 0.3 Fighting
 + Level 0.1 Short Blades
 + Level 1.5 Dodging
 * Level 4.1 Stealth
 * Level 2.8 Spellcasting
 * Level 4.9 Ice Magic


You had 4 spell levels left.
You knew the following spells:

 Your Spells              Type           Power      Damage    Failure   Level
a - Freeze                Ice            80%        1d9       2%          1
b - Frozen Ramparts       Ice            40%        1d7       6%          3

Your spell library contained the following spells:

 Spells                   Type           Power      Damage    Failure   Level
 Ozocubu's Armour         Ice            20%        N/A       6%          3
 Kiss of Death            Conj/Necr      8%         2d6       17%         1
 Confusing Touch          Hex            2%         N/A       45%         3
 Summon Ice Beast         Ice/Summ       11%        N/A       52%         4
 Dispel Undead            Necr           2%         3d7       86%         4
 Metabolic Englaciation   Hex/Ice        5%         N/A       86%         5
 Simulacrum               Ice/Necr       5%         N/A       100%        6


Dungeon Overview and Level Annotations

Branches:
Dungeon (3/15)

Altars:
Wu Jian


Innate Abilities, Weirdness & Mutations

Your serpentine skin is tough. (AC +1)
You have supernaturally acute eyesight. (SInv)
Armour fits poorly on your strangely shaped body.
Your system is resistant to poisons. (rPois)
You cover ground very slowly.
You can spit poison.
You have a snake-like lower body.


Message History

You now have 87 gold pieces (gained 10).
An ogre comes into view. It is wielding a +0 giant club.
An ogre is nearby!
An ogre is nearby!
Found a scale mail.
Casting: Freeze (safe; 2% risk of failure)
Confirm with . or Enter, or press ? or * to list all spells.
Casting: Frozen Ramparts (dangerous; 6% risk of failure)
Press: ? - help, Dir - look around, f - activate You can't see that place.
The walls around you are covered in ice.
The wall freezes the ogre.
You barely miss the ogre. You punch the ogre.
The ogre is moderately wounded.
The wall freezes the ogre but does no damage.
The ogre barely misses you.
You barely miss the ogre.
The ogre is moderately wounded.
You barely miss the ogre.
The ogre is moderately wounded.
You hit the ogre but do no damage.
The ogre is moderately wounded.
The wall freezes the ogre.
The ogre hits you with a +0 giant club!!
Ouch! That really hurt!
The air fills with toxic fumes!
As you read the scroll labelled XOMMUX AGOO, it crumbles to dust.
It was a scroll of poison.
The wall freezes the ogre.
The ogre hits you with a +0 giant club!
* * * LOW HITPOINT WARNING * * *
As you read the scroll labelled HETORCHAXOO, it crumbles to dust.
You assume a fearsome visage.
The ogre looks frightened!
It was a scroll of fear.
Unknown command.
As you read the scroll labelled UDWEAB SUCU, it crumbles to dust.
You feel strangely unstable.
It was a scroll of teleportation.
The wall freezes the ogre.
Your attack snaps the ogre out of its fear.
The ogre hits you with a +0 giant club!
You die...

###########
#§§.......# ###
#§#######.# #(.
#§# #.# #.# #§#
#.######.. #§#
#......... #§####
#########.# #§§§§#
#...####...
#@§#..##.#......#.
#O###.......).....
#§§#..###)###.##.#
#§§§ #.# #.##.#
§§§§§ #)# #.##.#
#§#§## #.# #.##.#
#§§§§ #.# #.##..
##§§§# #.# #.####
#.# #.#


You could see an ogre.

Vanquished Creatures
  An orc wizard (D:3)
  An adder (D:2)
  A worm (D:3)
  A dart slug (D:1)
  3 orcs (D:3)
  4 ball pythons
  4 bats
  An endoplasm (D:2)
  6 giant cockroaches (D:1)
  5 goblins
  5 hobgoblins
  6 kobolds
  A quokka (D:3)
  2 frilled lizards
  6 rats
47 creatures vanquished.

Notes
Turn   | Place    | Note
-------+----------+-------------------------------------------
     0 | D:1      | Moral the Naga Ice Elementalist began the quest for the
                  | Orb.
     0 | D:1      | Reached XP level 1. HP: 15/15 MP: 3/3
   122 | D:1      | Reached XP level 2. HP: 22/22 MP: 1/5
   673 | D:1      | Reached XP level 3. HP: 26/28 MP: 4/6
  2045 | D:3      | Learned a level 3 spell: Frozen Ramparts
  2179 | D:3      | Found an ornate altar of the Wu Jian Council.
  2280 | D:3      | Reached XP level 4. HP: 36/36 MP: 8/8
  2450 | D:3      | Noticed an ogre
  2460 | D:3      | Mangled by an ogre

Illustrated notes

Levels and vault maps discovered:
D:1:      dpeg_arrival_prison, layout_loops_ring, minmay_misc_feat_secret_circle
D:2:      layout_loops_ring
D:3:      layout_loops_ring, pdpol_wu_jian_five_deadly_venoms,
          dilly_guarded_unrand_throatcut

Skill      XL: |  1  2  3  4 |
---------------+-------------+-----
Stealth        | 4 |  4.1
Fighting       | |  0.3
Short Blades   | |  0.1
Dodging        | |  1.5
Spellcasting   | |  2.8
Ice Magic      | |  4.9

Action                     |  1- 3 |  4- 6 || total
---------------------------+-------+-------++-------
  Melee: Short sword       |    12 |       ||    12
         Dagger            |    26 |    10 ||    36
         Punch             |       |     1 ||     1
   Cast: Freeze            |    38 |     1 ||    39
         Frozen Ramparts   |       |     2 ||     2
Ability: Spit Poison       |     2 |       ||     2
    Use: Scroll            |       |     3 ||     3
   Stab: Sleeping          |     6 |     1 ||     7
 Armour: Robe              |    14 |     1 ||    15
  Dodge: Dodged            |    55 |     2 ||    57

Table legend: (Time is in decaauts)
 A = Elapsed time spent in this place.
 B = Non-inter-level travel time spent in this place.
 C = Inter-level travel time spent in this place.
 D = Time resting spent in this place.
 E = Time spent auto-exploring this place.
 F = Levels seen in this place.
 G = Mean time per level.
                   A        B        C        D        E       F      G
               +--------+--------+--------+--------+--------+-----+--------+
         Total |   3132 |   2934 |    198 |    313 |   2167 |   3 | 1044.0 |
       Dungeon |   3132 |   2934 |    198 |    313 |   2167 |   3 | 1044.0 |
               +--------+--------+--------+--------+--------+-----+--------+

Top non-repeatable levels by time:
     D:1: 1593 daAuts
     D:2: 833 daAuts
     D:3: 705 daAuts
